 Dungeon Crawl Stone Soup version 0.23-a0-629-gae4348f (webtiles) character file.

249 GroovyGamera the Shield-Bearer (level 6, -1/40 HPs)
             Began as a Gargoyle Fighter on Dec 26, 2018.
             Killed by nerve-wracking pain
             ... invoked by an orc priest
              (5 damage)
             ... on level 4 of the Dungeon.
             The game lasted 00:06:28 (2831 turns).

GroovyGamera the Shield-Bearer (Gargoyle Fighter)   Turns: 2831, Time: 00:06:28

Health: -1/40      AC: 15    Str: 25    XL:     6   Next: 12%
Magic:  6/6        EV:  6    Int: 10    God:
Gold:   190        SH: 10    Dex:  9    Spells: 5/5 levels left

rFire    . . .     SeeInvis .   a - +0 war axe
rCold    . . .     Gourm    .   c - +0 shield
rNeg     + . .     Faith    .   m - +0 chain mail
rPois    ∞         Spirit   .   y - +0 helmet
rElec    +         Reflect  .   (no cloak)
rCorr    .         Harm     .   (no gloves)
MR       .....                  (no boots)
Stlth    ..........             (no amulet)
HPRegen  0.13/turn              (no ring)
MPRegen  0.10/turn              (no ring)

@: mighty
A: negative energy resistance 1, electricity resistance, unbreathing,
petrification resistance, rot immunity, AC +4
a: no special abilities


You were on level 4 of the Dungeon.
You were not hungry.

You visited 1 branch of the dungeon, and saw 4 of its levels.

You collected 190 gold pieces.

Inventory:

Hand Weapons
 a - a +0 war axe (weapon)
Missiles
 s - 23 bolts
 w - 60 stones (quivered)
Armour
 c - a +0 shield (worn)
 m - a +0 chain mail (worn)
 y - a +0 helmet (worn)
Jewellery
 x - an uncursed ring of positive energy {unknown}
Scrolls
 g - 2 scrolls of remove curse
 h - a scroll of fear {unknown}
 i - 2 scrolls of noise {unknown}
 j - a scroll of magic mapping {unknown}
 l - 2 scrolls of fog {unknown}
 p - 3 scrolls of identify
 q - 3 scrolls of amnesia {unknown}
 t - 3 scrolls of enchant armour {unknown}
 u - a scroll of enchant weapon {unknown}
Potions
 b - a potion of haste {unknown}
 d - a potion of might
 e - 3 potions of heal wounds
 k - a potion of curing {unknown}
 n - a potion of brilliance {unknown}
 o - a potion of mutation {unknown}
 v - a potion of magic {unknown}
 z - a potion of resistance {unknown}
Comestibles
 f - 5 rations
 r - a chunk of flesh


   Skills:
 + Level 5.0 Fighting
 - Level 1.7 Axes
 + Level 4.9 Armour
 + Level 5.0 Shields


You had 5 spell levels left.
You didn't know any spells.
Your spell library was empty.

Dungeon Overview and Level Annotations

Branches:
Dungeon (4/15)
 Temple: D:4-7

Altars:
Dithmenos
Qazlal
Uskayaw
Wu Jian
The Shining One


Innate Abilities, Weirdness & Mutations

You are resistant to torment.
Your stone body is resilient. (AC +4)
You are immune to poison.
You resist negative energy. (rN+)
You are resistant to electric shocks. (rElec)
You can survive without breathing.
You are immune to petrification.
You are immune to rotting.


Message History

Your shield and chain mail prevent you from hitting the white imp.
The orc shouts!
The white imp hits you but does no damage.
The orc priest calls upon Beogh to heal the orc.
The orc's wounds heal themselves!
You block the orc's attack. The orc hits you but does no damage.
The white imp completely misses you.
An orc opens the door.
You closely miss the orc. You hit the white imp.
You kill the white imp!
Your Shields skill increases to level 5!
You slash the orc!
You kill the orc!
Your Fighting skill increases to level 5!
The orc barely misses you.
You barely miss the orc. You slash the orc!
You kill the orc!
You slash the orc priest! You block the orc's attack.
The orc priest mumbles some strange prayers to Beogh against you.
Pain shoots through your body!
You die...

## .## #... ..## ..#
####.... ... #.##
#<..>... ... #..#
#......## ..# # ##.#
...o.. #.o#.# ##.#
#...# o....# ##.#####
#..o##o....# .<.....###
#.oo@)._..+
##.###...####..##.....#
##.# ###.......# .....#
##.# #####...# ##+###
##.# #...# #.# ##.....
#.. ........ ###
#####..... ####.


You could see 2 orc priests and 4 orcs.

Vanquished Creatures
  A worker ant (D:4)
  7 gnolls
  5 adders
  A white imp (D:4)
  5 dart slugs
  2 leopard geckos
  8 orcs
  6 giant cockroaches
  8 goblins
  7 hobgoblins
  2 jackals (D:3)
  8 kobolds
  A quokka (D:2)
  A ball python (D:2)
  12 bats
  7 frilled lizards
  A goblin zombie (D:4)
  3 hobgoblin zombies (D:4)
  A kobold zombie (D:4)
  An orc skeleton (D:4)
  An orc zombie (D:4)
  4 rats
92 creatures vanquished.

Notes
Turn   | Place    | Note
-------+----------+-------------------------------------------
     0 | D:1      | GroovyGamera the Gargoyle Fighter began the quest for the
                  | Orb.
     0 | D:1      | Reached XP level 1. HP: 14/14 MP: 1/1
   243 | D:1      | Reached XP level 2. HP: 19/19 MP: 2/2
   687 | D:1      | Reached XP level 3. HP: 24/24 MP: 3/3
   794 | D:2      | Found a shadowy altar of Dithmenos.
  1068 | D:2      | Reached XP level 4. HP: 27/29 MP: 4/4
  1450 | D:2      | Reached XP level 5. HP: 25/34 MP: 5/5
  1916 | D:3      | Found a hide-covered altar of Uskayaw.
  2193 | D:3      | Found a stormy altar of Qazlal.
  2755 | D:4      | Reached XP level 6. HP: 35/40 MP: 6/6
  2765 | D:4      | Found an ornate altar of the Wu Jian Council.
  2815 | D:4      | Found a glowing golden altar of the Shining One.
  2824 | D:4      | HP: 2/40 [orc priest/divine providence (13)]
  2830 | D:4      | Reached skill level 5 in Shields
  2830 | D:4      | Reached skill level 5 in Fighting
  2831 | D:4      | Killed from afar by an orc priest

Vault maps used:
D:1:      dpeg_arrival_short_road
D:2:      nicolae_overflow_crystal_walls, first_ration, minmay_misc_feat_five
D:3:      old_standard_altar, nicolae_qazlal_general_emergency
D:4:      lemuel_crystal_altar, lemuel_doored_altar,
          nicolae_overflow_hidden_temple, serial_shops, nicolae_shop_stone,
          st_stairs_3, serial_bayou_lagoon_a, nicolae_tso_besieged_by_evil,
          uniq_menkaure, uniq_duvessa

Skill      XL: |  1  2  3  4  5  6 |
---------------+-------------------+-----
Fighting       | 4 5 |  5.0
Shields        | 4 5 |  5.0
Armour         | 4 |  4.9
Axes           | |  1.7

Action                   |  1- 3 |  4- 6 || total
-------------------------+-------+-------++-------
Melee: War axe           |   129 |   232 ||   361
  Use: Scroll            |     3 |       ||     3
       Potion            |       |     2 ||     2
  Eat: Chunk             |     1 |     6 ||     7
Armor: Scale mail        |    31 |       ||    31
       Chain mail        |    52 |   217 ||   269
Dodge: Dodged            |    37 |    64 ||   101
Block: Shield            |    97 |   147 ||   244

Table legend:
 A = Non-vault XP
 B = Vault XP
 C = Vault XP percentage of total XP
 D = Non-vault monster count
 E = Vault monster count
 F = Vault count percentage of total count
                 A         B        C        D         E       F
            +---------+---------+-------+---------+---------+-------
      Total |     339 |      17 |   4.8 |      84 |       8 |   8.7
            +---------+---------+-------+---------+---------+-------
        D:1 |      34 |       0 |   0.0 |      21 |       0 |   0.0
        D:2 |     146 |       0 |   0.0 |      38 |       0 |   0.0
        D:3 |     105 |       0 |   0.0 |      20 |       0 |   0.0
        D:4 |      54 |      17 |  23.9 |       5 |       8 |  61.5
            +---------+---------+-------+---------+---------+-------
